Map: Lerilak Crest

Players

sOs - Winner!

  • Race: Protoss Protoss

herO

  • Race: Protoss Protoss

Event: IEM Season 10 - Taipei

VOD

Have the link to the VOD?

Description

Time

  • Played on: Feb. 2, 2016, 12:07 a.m.
  • Length: 22:13

All games in this series

Show
View Real Time Build Order
Export as new Build Order

sOs Protoss - Winner!

Build Orders:  

Get SALT Encoding   

  12  0:00  Probe (Chrono Boost)  
  13  0:11  Probe (Chrono Boost)  
  14  0:17  Pylon  
  14  0:22  Probe (Chrono Boost)  
  15  0:36  Gateway, Probe (Chrono Boost)  
  16  0:43  Assimilator  
  16  0:46  Probe (Chrono Boost)  
  17  0:52  Assimilator  
  18  0:57  Probe (Chrono Boost)  
  18  1:07  Probe (Chrono Boost)  
  18  1:10  Gateway  
  19  1:18  Probe (Chrono Boost)  
  20  1:23  Cybernetics Core  
  20  1:30  Probe (Chrono Boost)  
  21  1:37  Pylon  
  21  1:40  Probe (Chrono Boost)  
  22  2:00  Stalker, Warp Gate (Chrono Boost)  
  24  2:01  Stalker  
  26  2:09  Pylon  
  26  2:12  Probe  
  27  2:30  Stalker  
  27  2:31  Stalker  
  31  2:40  Gateway  
  32  2:54  Pylon  
  31  3:12  Stalker x2  
  35  3:13  Gateway  
  35  3:30  Stalker  
  35  3:33  Pylon  
  37  3:52  Probe (Chrono Boost)  
  38  3:56  Robotics Facility  
  38  3:58  Sentry  
  40  4:06  Nexus  
  39  4:11  Mothership Core (Chrono Boost)  
  41  4:18  Pylon  
  41  4:21  Sentry  
  43  4:29  Probe (Chrono Boost)  
  44  4:40  Probe (Chrono Boost)  
  44  4:41  Sentry  
  44  4:43  Observer (Chrono Boost)  
  48  4:53  Stalker x2  
  52  5:01  Probe  
  52  5:03  Pylon  
  52  5:06  Stalker  
  55  5:24  Immortal (Chrono Boost)  
  59  5:29  Probe  
  59  5:31  Probe  
  61  5:40  Probe (Chrono Boost)  
  62  5:43  Probe (Chrono Boost)  
  62  5:44  Pylon  
  63  5:51  Phoenix  
  63  5:52  Twilight Council  
  63  5:53  Probe (Chrono Boost)  
  63  5:55  Probe (Chrono Boost)  
  65  6:03  Probe (Chrono Boost)  
  67  6:06  Probe (Chrono Boost)  
  67  6:14  Probe (Chrono Boost), Immortal  
  67  6:17  Probe (Chrono Boost)  
  73  6:24  Probe (Chrono Boost)  
  74  6:27  Probe (Chrono Boost)  
  74  6:28  Pylon  
  74  6:31  Blink (Chrono Boost)  
  75  6:35  Probe (Chrono Boost)  
  75  6:37  Probe (Chrono Boost)  
  77  6:43  Assimilator  
  77  6:48  Probe, Immortal  
  77  6:49  Probe  
  77  6:51  Pylon  
  77  6:52  Phoenix  
  83  7:03  Probe x2  
  83  7:07  Forge  
  83  7:08  Assimilator  
  85  7:12  Gateway  
  85  7:14  Gateway  
  85  7:19  Gateway  
  85  7:26  Phoenix, Probe  
  85  7:27  Probe, Immortal  
  91  7:41  Protoss Ground Weapons Level 1 (Chrono Boost)  
  91  7:50  Nexus  
  91  7:55  Pylon  
  91  7:58  Probe x2  
  93  8:08  Warp Prism  
  93  8:12  Robotics Bay  
  93  8:19  Stalker x2  
  99  8:27  Pylon, Stalker  
  101  8:37  Pylon  
  101  8:39  Pylon  
  101  8:51  Stalker x4  
  101  8:54  Disruptor  
  109  8:58  Pylon  
  112  9:04  Probe  
  112  9:05  Probe x2  
  115  9:19  Adept  
  115  9:20  Robotics Facility, Adept  
  119  9:29  Protoss Ground Weapons Level 2 (Chrono Boost), Disruptor  
  122  9:39  Probe  
  122  9:41  Probe x2  
  125  9:53  Probe  
  125  9:55  Photon Cannon  
  125  9:56  Probe x2  
  128  10:00  Assimilator x2, Pylon  
  128  10:06  Pylon  
  131  10:07  Disruptor (Chrono Boost)  
  131  10:11  Disruptor (Chrono Boost)  
  134  10:24  Stalker x3  
  140  10:29  Pylon  
  140  10:31  Pylon  
  140  10:35  Adept  
  140  10:39  Disruptor (Chrono Boost)  
  140  10:47  Disruptor (Chrono Boost)  
  140  10:50  Probe  
  140  10:51  Pylon  
  140  10:53  Pylon  
  140  10:57  Stalker x2  
  145  11:06  Pylon  
  145  11:10  Disruptor (Chrono Boost)  
  149  11:19  Stalker x3  
  149  11:22  Disruptor (Chrono Boost)  
  149  11:23  Pylon  
  155  11:26  Stalker x2  
  155  11:28  Protoss Ground Weapons Level 3  
  159  11:41  Disruptor (Chrono Boost)  
  162  11:51  Nexus  
  165  11:58  Disruptor (Chrono Boost)  
  165  12:07  Pylon, Stalker x3  
  171  12:23  Stalker x3  
  171  12:28  Pylon  
  177  12:31  Photon Cannon  
  177  12:33  Dark Shrine  
  177  12:34  Disruptor (Chrono Boost)  
  183  12:39  Disruptor (Chrono Boost)  
  183  12:49  Stalker  
  183  12:50  Stalker  
  189  13:16  Observer (Chrono Boost)  
  189  13:19  Observer (Chrono Boost)  
  185  13:20  Stalker x2  
  185  13:21  Photon Cannon x2  
  189  13:42  Stalker x4  
  198  13:56  Disruptor (Chrono Boost)  
  198  14:05  Mothership Core  
  197  14:17  Stalker  
  197  14:18  Charge  
  197  14:22  Gateway  
  196  14:41  Dark Templar  
  169  14:59  Disruptor (Chrono Boost)  
  167  15:03  Stalker x5, Disruptor (Chrono Boost)  
  161  15:20  Stalker  
  133  15:27  Dark Templar x2  
  135  15:28  Stalker  
  135  15:29  Stalker  
  125  15:52  Stalker x3  
  125  15:56  Stalker x2  
  135  16:03  Stalker, Nexus  
  137  16:17  Nexus  
  131  16:18  Dark Templar  
  131  16:19  Zealot  
  131  16:20  Zealot x2  
  132  16:33  Zealot x3  
  138  16:47  Pylon  
  138  16:55  Pylon  
  138  16:59  Zealot  
  138  17:00  Zealot, Disruptor (Chrono Boost)  
  141  17:05  Pylon  
  141  17:07  Pylon  
  139  17:09  Pylon  
  135  17:16  Zealot x3  
  135  17:18  Disruptor (Chrono Boost)  
  139  17:32  Probe  
  134  18:02  Stalker x3  
  138  18:10  Observer (Chrono Boost)  
  138  18:12  Observer (Chrono Boost)  
  140  18:18  Zealot  
  140  18:37  Assimilator  
  140  18:39  Probe  
  141  18:51  Stalker x3  
  148  19:04  Disruptor (Chrono Boost)  
  148  19:14  Zealot x5  
  158  19:22  Photon Cannon  
  150  19:44  Stalker x5  
  157  20:10  Disruptor (Chrono Boost)  
  157  20:13  Zealot x4  
  157  20:14  Zealot  
  167  20:22  Dark Templar  
  147  20:49  Zealot x3  
  153  20:51  Dark Templar  
  147  21:20  Zealot x4  
  152  21:51  Observer (Chrono Boost)  
  129  22:03  Zealot x4  
Show
View Real Time Build Order
Export as new Build Order

herO Protoss 

Build Orders: 1 Gate Expand 

Get SALT Encoding   

  12  0:00  Probe (Chrono Boost)  
  13  0:11  Probe (Chrono Boost)  
  14  0:17  Pylon  
  14  0:22  Probe (Chrono Boost)  
  15  0:35  Probe (Chrono Boost)  
  16  0:37  Gateway  
  16  0:42  Assimilator  
  16  0:46  Probe (Chrono Boost)  
  17  0:56  Probe (Chrono Boost)  
  18  1:07  Probe (Chrono Boost)  
  19  1:18  Nexus  
  19  1:28  Cybernetics Core  
  19  1:31  Probe (Chrono Boost)  
  20  1:36  Assimilator  
  20  1:41  Probe (Chrono Boost)  
  21  1:47  Pylon  
  21  1:52  Probe (Chrono Boost)  
  22  2:05  Stalker (Chrono Boost)  
  24  2:09  Mothership Core (Chrono Boost)  
  26  2:18  Warp Gate (Chrono Boost)  
  26  2:26  Pylon  
  26  2:27  Probe (Chrono Boost)  
  27  2:31  Probe  
  27  2:32  Stalker (Chrono Boost)  
  30  2:39  Probe  
  30  2:51  Pylon  
  30  2:56  Robotics Facility  
  30  2:58  Stalker  
  32  3:19  Gateway  
  32  3:25  Stalker  
  32  3:33  Pylon  
  34  3:40  Immortal (Chrono Boost)  
  38  3:50  Gateway  
  37  3:58  Pylon  
  37  4:10  Stalker  
  37  4:13  Stalker  
  41  4:19  Warp Prism (Chrono Boost)  
  43  4:29  Pylon  
  43  4:33  Pylon  
  43  4:53  Sentry  
  43  4:54  Probe, Sentry x2  
  50  5:01  Observer (Chrono Boost)  
  52  5:13  Nexus  
  49  5:21  Pylon  
  49  5:24  Probe (Chrono Boost)  
  48  5:35  Probe (Chrono Boost)  
  49  5:37  Phoenix  
  49  5:42  Immortal  
  53  5:46  Probe (Chrono Boost)  
  54  5:57  Probe (Chrono Boost)  
  55  6:06  Twilight Council  
  55  6:07  Probe (Chrono Boost)  
  56  6:18  Probe (Chrono Boost)  
  57  6:21  Immortal (Chrono Boost)  
  57  6:22  Phoenix  
  61  6:26  Probe (Chrono Boost)  
  61  6:28  Blink (Chrono Boost), Probe (Chrono Boost)  
  61  6:29  Sentry  
  65  6:36  Probe (Chrono Boost)  
  65  6:39  Probe (Chrono Boost)  
  67  6:47  Probe  
  67  6:50  Probe  
  67  6:53  Assimilator, Pylon  
  69  6:56  Forge  
  69  7:00  Probe  
  70  7:02  Probe  
  71  7:11  Immortal (Chrono Boost)  
  71  7:14  Phoenix, Probe x2  
  77  7:18  Assimilator  
  77  7:25  Pylon  
  77  7:26  Probe x2  
  77  7:29  Protoss Ground Weapons Level 1 (Chrono Boost)  
  79  7:38  Probe x2  
  79  7:42  Gateway  
  79  7:44  Gateway  
  81  7:50  Robotics Bay  
  81  7:52  Probe x2  
  84  8:11  Nexus  
  83  8:17  Robotics Facility, Observer  
  84  8:22  Pylon  
  84  8:25  Phoenix  
  84  8:26  Stalker x2  
  88  8:33  Stalker  
  90  8:39  Disruptor (Chrono Boost)  
  92  8:57  Nexus  
  92  9:02  Pylon  
  92  9:09  Pylon  
  92  9:11  Pylon  
  92  9:12  Pylon  
  92  9:15  Protoss Ground Weapons Level 2  
  92  9:20  Probe x2, Disruptor x2 (Chrono Boost)  
  100  9:35  Stalker  
  100  9:36  Stalker x2  
  106  9:43  Probe x2  
  106  9:53  Disruptor x2 (Chrono Boost)  
  106  9:56  Probe  
  106  9:57  Probe  
  114  10:09  Assimilator, Stalker  
  114  10:12  Stalker  
  114  10:13  Assimilator  
  116  10:16  Probe x2  
  116  10:26  Probe  
  116  10:28  Probe x2  
  119  10:32  Disruptor x2 (Chrono Boost)  
  125  10:38  Pylon  
  122  10:45  Photon Cannon  
  122  10:47  Photon Cannon  
  122  10:48  Photon Cannon  
  122  10:53  Stalker  
  122  10:55  Stalker  
  126  11:00  Stalker  
  127  11:08  Stalker x2  
  118  11:22  Gateway  
  118  11:23  Gateway  
  118  11:25  Stalker x2  
  118  11:26  Stalker  
  118  11:30  Disruptor (Chrono Boost)  
  127  11:33  Disruptor (Chrono Boost)  
  130  11:47  Stalker x2  
  130  11:49  Dark Shrine  
  130  11:52  Stalker x2  
  138  12:01  Pylon  
  138  12:02  Pylon  
  136  12:14  Disruptor (Chrono Boost)  
  139  12:19  Disruptor (Chrono Boost)  
  123  12:24  Stalker x5  
  133  12:46  Disruptor (Chrono Boost)  
  133  12:48  Stalker x2  
  133  12:49  Stalker x2  
  133  12:50  Disruptor (Chrono Boost)  
  147  13:04  Dark Templar x2  
  151  13:06  Dark Templar  
  151  13:14  Pylon  
  151  13:16  Pylon  
  151  13:17  Pylon  
  151  13:33  Stalker x4  
  155  13:42  Stalker x2  
  159  13:49  Disruptor (Chrono Boost)  
  159  13:53  Nexus  
  162  13:59  Pylon  
  162  14:10  Stalker x4  
  170  14:18  Stalker x3  
  176  14:28  Disruptor x2 (Chrono Boost)  
  141  15:24  Stalker x7  
  144  15:28  Disruptor (Chrono Boost)  
  144  15:29  Disruptor (Chrono Boost)  
  139  15:41  Pylon  
  117  15:56  Stalker x7  
  134  16:04  Disruptor (Chrono Boost)  
  134  16:09  Photon Cannon  
  110  16:32  Stalker  
  100  16:33  Stalker x3  
  106  16:44  Photon Cannon  
  106  16:46  Nexus  
  104  16:55  Stalker x3  
  110  17:03  Pylon  
  110  17:05  Observer x2 (Chrono Boost)  
  112  17:15  Stalker x3  
  118  17:25  Stalker x2  
  95  17:34  Probe  
  95  17:36  Probe x2, Photon Cannon  
  98  17:38  Disruptor (Chrono Boost)  
  98  17:41  Assimilator  
  101  17:52  Pylon  
  101  17:57  Stalker x2  
  105  18:01  Stalker  
  107  18:12  Probe, Disruptor (Chrono Boost)  
  110  18:14  Probe x2  
  113  18:24  Disruptor (Chrono Boost)  
  116  18:31  Assimilator  
  114  18:43  Disruptor (Chrono Boost)  
  114  18:45  Dark Templar  
  114  18:48  Mothership Core  
  120  19:12  Stalker  
  120  19:13  Stalker x2  
  126  19:20  Observer Gravitic Boosters  
  126  19:21  Disruptor (Chrono Boost)  
  124  19:36  Disruptor (Chrono Boost)  
  125  19:41  Stalker x2  
  121  19:47  Dark Templar  
  102  20:03  Dark Templar x2  
  102  20:05  Probe  
  107  20:15  Probe  
  108  20:22  Disruptor (Chrono Boost)  
  108  20:24  Disruptor (Chrono Boost)  
  108  20:26  Probe  
  110  20:36  Probe  
  107  20:53  Disruptor (Chrono Boost)  
  110  21:14  Disruptor (Chrono Boost)  
  111  21:22  Stalker  
  111  21:24  Disruptor (Chrono Boost)  
  114  21:36  Nexus  
  95  21:45  Stalker x4  
  95  21:46  Stalker  
  46  22:04  Dark Templar  

Tags
 
Add a new tag
Caveats
  • Supply blocks, unpowered buildings, or Contaminate may cause inaccurate times.
  • Supply counts are checked every 10 seconds.